PBL
LOS ANGELES ANGELS @ OAKLAND ATHLETICS
04/13/2071
 
TOP OF THE 1ST
Los Angeles Angels batting - Pitching for Oakland Athletics : RHP Ricardo Rodríguez
Pitching: RHP Ricardo Rodríguez
Batting: LHB Kenzaburo Sato 0-0: Ball
1-0: Ball
2-0: SOLO HOME RUN (Flyball, 78XD, EV 110.6 MPH), Distance : 402 ft
Batting: SHB Jeff Vaughn 0-0: Swinging Strike
0-1: Ball
1-1: Swinging Strike
1-2: Strikes out swinging
Batting: LHB Ma-huan Yan 0-0: Foul Ball, location: 9LDF
0-1: Ball
1-1: Foul Ball, location: 7LMF
1-2: Ball
2-2: Strikes out swinging
Batting: RHB Raúl Galló 0-0: Called Strike
0-1: Called Strike
0-2: Ball
1-2: Foul Ball, location: 7LSF
1-2: Fly out, F6 (Popup, 5D, EV 45.0 MPH)
Top of the 1st over - 1 run, 1 hit, 0 errors, 0 left on base; Los Angeles 1 - Oakland 0
BOTTOM OF THE 1ST
Oakland Athletics batting - Pitching for Los Angeles Angels : RHP Nathan Rose
Pitching: RHP Nathan Rose
Batting: RHB Jorge Ibarra 0-0: Called Strike
0-1: Swinging Strike
0-2: Ball
1-2: Ball
2-2: Foul Ball, location: 3FF
2-2: Ball
3-2: Strikes out looking
Batting: RHB Ed Burch 0-0: Called Strike
0-1: SINGLE (Groundball, 4M, EV 76.9 MPH) (infield hit)
Batting: LHB Pablo Gonzáles 0-0: Ball
1-0: Swinging Strike
1-1: Foul Ball, location: 2F
1-2: Strikes out swinging
Batting: LHB Félix Castillo 0-0: Swinging Strike
0-1: Ball
1-1: Ball
2-1: Ball
3-1: Base on Balls
Ed Burch to second
Batting: LHB Roger McElroy 0-0: Ball
1-0: Foul Ball, location: 5FF
1-1: Swinging Strike
1-2: Foul Ball, location: 2F
1-2: Ball
2-2: Strikes out looking
Bottom of the 1st over - 0 runs, 1 hit, 0 errors, 2 left on base; Los Angeles 1 - Oakland 0
TOP OF THE 2ND
Los Angeles Angels batting - Pitching for Oakland Athletics : RHP Ricardo Rodríguez
Batting: RHB Tony Mora 0-0: Ball
1-0: Ball
2-0: Ball
3-0: Ground out 6-3 (Groundball, 6, EV 91.3 MPH)
Batting: RHB Craig Martin 0-0: Ground out 4-3 (Groundball, 6M, EV 103.1 MPH)
Batting: SHB Xavier Martínez 0-0: Called Strike
0-1: Ball
1-1: Ball
2-1: Foul Ball, location: 2F
2-2: Foul Ball, location: 2F
2-2: Strikes out swinging
Top of the 2nd over - 0 runs, 0 hits, 0 errors, 0 left on base; Los Angeles 1 - Oakland 0
BOTTOM OF THE 2ND
Oakland Athletics batting - Pitching for Los Angeles Angels : RHP Nathan Rose
Batting: LHB José Pelingo 0-0: Foul Ball, location: 2F
0-1: Ball
1-1: Foul Ball, location: 25F
1-2: Foul Ball, location: 9LMF
1-2: Ball
2-2: Foul Ball, location: 7LMF
2-2: Ball
3-2: Strikes out swinging
Batting: LHB Eric Dodd 0-0: Called Strike
0-1: Called Strike
0-2: Ball
1-2: Ball
2-2: Foul Ball, location: 23F
2-2: Foul Ball, location: 2F
2-2: Strikes out swinging
Batting: RHB Roberto Morán 0-0: Foul Ball, location: 9LSF
0-1: SINGLE (Line Drive, 89S, EV 96.9 MPH)
Batting: RHB Tom Yarbrough 0-0: Foul Ball, location: 25F
0-1: Ball
1-1: Called Strike
1-2: Strikes out looking
Bottom of the 2nd over - 0 runs, 1 hit, 0 errors, 1 left on base; Los Angeles 1 - Oakland 0
TOP OF THE 3RD
Los Angeles Angels batting - Pitching for Oakland Athletics : RHP Ricardo Rodríguez
Batting: RHB Duncan Phillips 0-0: Swinging Strike
0-1: Ball
1-1: Swinging Strike
1-2: Foul Ball, location: 2F
1-2: Ball
2-2: Ball
3-2: DOUBLE (Line Drive, 7LS, EV 104.4 MPH)
Batting: RHB David Frederick 0-0: Called Strike
0-1: Called Strike
0-2: Ball
1-2: Ground out 4-3 (Groundball, 34, EV 96.3 MPH)
Duncan Phillips to third
Batting: LHB Kenzaburo Sato 0-0: Ball
1-0: 2-RUN HOME RUN (Flyball, 78XD, EV 98.8 MPH), Distance : 398 ft
Batting: SHB Jeff Vaughn 0-0: Called Strike
0-1: Fly out, F6 (Popup, 6MS, EV 56.3 MPH)
Batting: LHB Ma-huan Yan 0-0: Called Strike
0-1: Swinging Strike
0-2: Ball
1-2: Foul Ball, location: 2LF
1-2: Foul Ball, location: 7LSF
1-2: Ball
2-2: Ball
3-2: Strikes out looking
Top of the 3rd over - 2 runs, 2 hits, 0 errors, 0 left on base; Los Angeles 3 - Oakland 0
BOTTOM OF THE 3RD
Oakland Athletics batting - Pitching for Los Angeles Angels : RHP Nathan Rose
Batting: RHB Jorge Ibarra 0-0: Called Strike
0-1: Ball
1-1: Ball
2-1: Called Strike
2-2: Fly out, F6 (Line Drive, 56D, EV 63.8 MPH)
Batting: RHB Ed Burch 0-0: Ball
1-0: Ball
2-0: Ball
3-0: Called Strike
3-1: Base on Balls
Batting: LHB Pablo Gonzáles 0-0: Foul Ball, location: 5F
0-1: Ball
1-1: SINGLE (Groundball, 34, EV 106.9 MPH) (infield hit)
Ed Burch to second
Batting: LHB Félix Castillo 0-0: Ball
1-0: Ball
2-0: Called Strike
2-1: Ball
3-1: Base on Balls
Ed Burch to third
Pablo Gonzáles to second
Batting: LHB Roger McElroy 0-0: Foul Ball, location: 23F
0-1: GRAND SLAM HOME RUN (Flyball, 89XD, EV 110.6 MPH), Distance : 440 ft
Batting: LHB José Pelingo 0-0: Ball
1-0: Ball
2-0: Ball
3-0: Called Strike
3-1: SINGLE (Line Drive, 6MD, EV 98.1 MPH)
Batting: LHB Eric Dodd 0-0: Ball
1-0: Ball
2-0: Fly out, F8 (Flyball, 8LM, EV 95.6 MPH)
Batting: RHB Roberto Morán 0-0: Ball
1-0: Foul Ball, location: 9LSF
1-1: SINGLE (Groundball, 34D, EV 106.3 MPH)
José Pelingo to second
Runner from 2nd tries for 3rd, SAFE, no throw by RF
Batting: RHB Tom Yarbrough 0-0: Ball
1-0: Ball
2-0: Swinging Strike
2-1: Fielders Choice at 2nd, 6-4 (Groundball, 6, EV 97.5 MPH)
Bottom of the 3rd over - 4 runs, 4 hits, 0 errors, 2 left on base; Los Angeles 3 - Oakland 4
TOP OF THE 4TH
Los Angeles Angels batting - Pitching for Oakland Athletics : RHP Ricardo Rodríguez
Batting: RHB Raúl Galló 0-0: SOLO HOME RUN (Flyball, 7D, EV 95.6 MPH), Distance : 378 ft
Batting: RHB Tony Mora 0-0: Ball
1-0: Ball
2-0: Swinging Strike
2-1: Ground out 4-3 (Groundball, 4, EV 83.8 MPH)
Batting: RHB Craig Martin 0-0: Ball
1-0: Called Strike
1-1: Foul Ball, location: 2F
1-2: SINGLE (Line Drive, 4D, EV 103.1 MPH)
Batting: SHB Xavier Martínez 0-0: Ball
1-0: Fly out, F5 (Popup, 5S, EV 73.8 MPH)
Batting: RHB Duncan Phillips 0-0: Ball
1-0: Swinging Strike
1-1: Ball
2-1: Foul Ball, location: 5F
2-2: Ball
3-2: SINGLE (Line Drive, 8LS, EV 88.1 MPH)
Craig Martin to second
Craig Martin to third
Batting: RHB David Frederick 0-0: Ball
1-0: Foul Ball, location: 23F
1-1: Fly out, F8 (Line Drive, 8RM, EV 96.3 MPH)
Top of the 4th over - 1 run, 3 hits, 0 errors, 2 left on base; Los Angeles 4 - Oakland 4
BOTTOM OF THE 4TH
Oakland Athletics batting - Pitching for Los Angeles Angels : RHP Nathan Rose
Batting: RHB Jorge Ibarra 0-0: Called Strike
0-1: Ground out 5-3 (Groundball, 56S, EV 93.1 MPH)
Batting: RHB Ed Burch 0-0: Foul Ball, location: 2F
0-1: Foul Ball, location: 2F
0-2: Ball
1-2: Ball
2-2: Ball
3-2: Ground out 6-3 (Groundball, 6, EV 98.8 MPH)
Batting: LHB Pablo Gonzáles 0-0: Ball
1-0: Swinging Strike
1-1: Ball
2-1: Swinging Strike
2-2: Foul Ball, location: 3SF
2-2: Strikes out swinging passed ball, reaches first!
Batting: LHB Félix Castillo 0-0: Ball
1-0: Foul Ball, location: 7LSF
1-1: Called Strike
1-2: Ball
2-2: SINGLE (Line Drive, 7S, EV 91.9 MPH)
Pablo Gonzáles to second
Pitching: LHP José Tovar
Pinch Hitting: RHB Miguel Moreno 0-0: Ball
1-0: Foul Ball, location: 5F
1-1: Ball
2-1: Fielders Choice at 3rd, U5 (Groundball, 5, EV 91.9 MPH)
Bottom of the 4th over - 0 runs, 1 hit, 0 errors, 1 left on base; Los Angeles 4 - Oakland 4
TOP OF THE 5TH
Los Angeles Angels batting - Pitching for Oakland Athletics : RHP Ricardo Rodríguez
Now at 3B: Pablo Ayala
Batting: LHB Kenzaburo Sato 0-0: Ball
1-0: Called Strike
1-1: Called Strike
1-2: Ball
2-2: Fly out, F8 (Flyball, 78M, EV 88.1 MPH)
Batting: SHB Jeff Vaughn 0-0: Called Strike
0-1: Fly out, F8 (Flyball, 89M, EV 87.5 MPH)
Batting: LHB Ma-huan Yan 0-0: Ball
1-0: SINGLE (Line Drive, 8LS, EV 108.8 MPH)
Batting: RHB Raúl Galló 0-0: Ball
1-0: Foul Ball, location: 7LMF
1-1: Ball
2-1: Ball
3-1: Foul Ball, location: 5FF
3-2: SINGLE (Line Drive, 8LS, EV 84.4 MPH)
Ma-huan Yan to second
Ma-huan Yan to third
Batting: RHB Tony Mora 0-0: Called Strike
0-1: Foul Ball, location: 5F
0-2: Ball
1-2: Ball
2-2: Ball
3-2: Base on Balls
Raúl Galló to second
Batting: RHB Craig Martin 0-0: Called Strike
0-1: Ball
1-1: Foul Ball, location: 5FF
1-2: Strikes out looking
Top of the 5th over - 0 runs, 2 hits, 0 errors, 3 left on base; Los Angeles 4 - Oakland 4
BOTTOM OF THE 5TH
Oakland Athletics batting - Pitching for Los Angeles Angels : LHP José Tovar
Batting: LHB José Pelingo 0-0: Ball
1-0: Ball
2-0: Ball
3-0: Called Strike
3-1: Base on Balls
Batting: RHB Clarence Jones 0-0: Called Strike
0-1: Sac Bunt to 23 - play at first, batter OUT! 3-4
José Pelingo to second
Batting: RHB Roberto Morán 0-0: Called Strike
0-1: Foul Ball, location: 2F
0-2: Ball
1-2: Foul Ball, location: 2F
1-2: Foul Ball, location: 3F
1-2: Ball
2-2: Ball
3-2: Ground out U3 (Groundball, 34S, EV 69.4 MPH)
José Pelingo to third
Batting: RHB Tom Yarbrough 0-0: Called Strike
0-1: Foul Ball, location: 2F
0-2: Strikes out swinging
Bottom of the 5th over - 0 runs, 0 hits, 0 errors, 1 left on base; Los Angeles 4 - Oakland 4
TOP OF THE 6TH
Los Angeles Angels batting - Pitching for Oakland Athletics : RHP Ricardo Rodríguez
Batting: SHB Xavier Martínez 0-0: Foul Ball, location: 2F
0-1: Foul Ball, location: 3SF
0-2: Strikes out looking
Batting: RHB Duncan Phillips 0-0: Foul Ball, location: 5FF
0-1: Ball
1-1: Swinging Strike
1-2: Ball
2-2: Foul Ball, location: 2F
2-2: Strikes out looking
Batting: RHB David Frederick 0-0: Swinging Strike
0-1: Foul Ball, location: 5SF
0-2: Fly out, F9 (Flyball, 9S, EV 88.1 MPH)
Top of the 6th over - 0 runs, 0 hits, 0 errors, 0 left on base; Los Angeles 4 - Oakland 4
BOTTOM OF THE 6TH
Oakland Athletics batting - Pitching for Los Angeles Angels : LHP José Tovar
Batting: RHB Jorge Ibarra 0-0: Foul Ball, location: 2F
0-1: Foul Ball, location: 2F
0-2: Ball
1-2: Ball
2-2: Ground out 5-3 (Groundball, 56S, EV 85.6 MPH)
Batting: RHB Ed Burch 0-0: Ball
1-0: Ball
2-0: Foul Ball, location: 2F
2-1: Ball
3-1: Fly out, F9 (Line Drive, 89M, EV 93.1 MPH)
Batting: LHB Pablo Gonzáles 0-0: Called Strike
0-1: Foul Ball, location: 25FF
0-2: Foul Ball, location: 7LSF
0-2: Fly out, F8 (Flyball, 8RM, EV 83.1 MPH)
Bottom of the 6th over - 0 runs, 0 hits, 0 errors, 0 left on base; Los Angeles 4 - Oakland 4
TOP OF THE 7TH
Los Angeles Angels batting - Pitching for Oakland Athletics : RHP Ricardo Rodríguez
Pitching: RHP Kevin Spears
Batting: LHB Kenzaburo Sato 0-0: Ball
1-0: Ball
2-0: Foul Ball, location: 5F
2-1: Ball
3-1: Called Strike
3-2: Fly out, F8 (Flyball, 8RM, EV 85.0 MPH)
Batting: SHB Jeff Vaughn 0-0: Ball
1-0: Foul Ball, location: 2F
1-1: Ball
2-1: Foul Ball, location: 2F
2-2: Ball
3-2: Strikes out swinging
Batting: LHB Ma-huan Yan 0-0: Fly out, F9 (Flyball, 9, EV 90.6 MPH)
Top of the 7th over - 0 runs, 0 hits, 0 errors, 0 left on base; Los Angeles 4 - Oakland 4
BOTTOM OF THE 7TH
Oakland Athletics batting - Pitching for Los Angeles Angels : LHP José Tovar
Batting: LHB Félix Castillo 0-0: Swinging Strike
0-1: Ball
1-1: Foul Ball, location: 2F
1-2: Strikes out swinging
Batting: RHB Pablo Ayala 0-0: Ball
1-0: Swinging Strike
1-1: Ball
2-1: SINGLE (Groundball, 4MD, EV 107.5 MPH)
Pitching: LHP Robbie Adams
Batting: LHB José Pelingo 0-0: Ball
1-0: Ball
2-0: Foul Ball, location: 7LSF
2-1: Swinging Strike
2-2: Foul Ball, location: 5F
2-2: Strikes out swinging
Batting: RHB Clarence Jones 0-0: Called Strike
0-1: Foul Ball, location: 5F
0-2: Ball
1-2: Strikes out looking
Bottom of the 7th over - 0 runs, 1 hit, 0 errors, 1 left on base; Los Angeles 4 - Oakland 4
TOP OF THE 8TH
Los Angeles Angels batting - Pitching for Oakland Athletics : RHP Kevin Spears
Batting: LHB Joe Shaw 0-0: Foul Ball, location: 5F
0-1: Ground out 4-3 (Groundball, 34, EV 85.6 MPH)
Batting: RHB Tony Mora 0-0: Called Strike
0-1: Swinging Strike
0-2: Ball
1-2: Ball
2-2: Strikes out swinging
Batting: RHB Craig Martin 0-0: Foul Ball, location: 2F
0-1: Foul Ball, location: 2F
0-2: Ball
1-2: Ball
2-2: Foul Ball, location: 2F
2-2: Ball
3-2: Fly out, F8 (Flyball, 8LM, EV 90.6 MPH)
Top of the 8th over - 0 runs, 0 hits, 0 errors, 0 left on base; Los Angeles 4 - Oakland 4
BOTTOM OF THE 8TH
Oakland Athletics batting - Pitching for Los Angeles Angels : LHP Robbie Adams
Batting: RHB Roberto Morán 0-0: Called Strike
0-1: Ball
1-1: Called Strike
1-2: SINGLE (Line Drive, 6MD, EV 93.8 MPH)
Batting: RHB Tom Yarbrough 0-0: Bunted foul
0-1: Ball
1-1: Ball
2-1: Bunt missed!
Pickoff Throw to First - Out! 1-3 CS
2-2: Ground out U3 (Groundball, 3S, EV 83.8 MPH)
Batting: RHB Jorge Ibarra 0-0: Ball
1-0: Called Strike
1-1: Foul Ball, location: 2F
1-2: Ball
2-2: Ground out U3 (Groundball, 3L, EV 85.0 MPH)
Bottom of the 8th over - 0 runs, 1 hit, 0 errors, 0 left on base; Los Angeles 4 - Oakland 4
TOP OF THE 9TH
Los Angeles Angels batting - Pitching for Oakland Athletics : RHP Kevin Spears
Pitching: LHP Dick Anderson
Pinch Hitting: RHB Marvin Cummings 0-0: Swinging Strike
0-1: Called Strike
0-2: Ground out 6-3 (Groundball, 6, EV 105.6 MPH)
Batting: RHB Duncan Phillips 0-0: Called Strike
0-1: SINGLE (Groundball, 4MD, EV 94.4 MPH)
Batting: RHB David Frederick 0-0: Ball
1-0: Called Strike
1-1: Ball
2-1: Swinging Strike
2-2: Foul Ball, location: 2F
2-2: Ball
3-2: Fly out, F9 (Flyball, 9, EV 91.9 MPH)
Batting: LHB Kenzaburo Sato 0-0: SINGLE (Groundball, 34D, EV 95.6 MPH)
Duncan Phillips to second
Runner from 2nd tries for 3rd, SAFE, no throw by RF
Pinch Hitting: RHB Chris Doubron 0-0: Foul Ball, location: 2F
0-1: Foul Ball, location: 3F
0-2: Strikes out swinging
Top of the 9th over - 0 runs, 2 hits, 0 errors, 2 left on base; Los Angeles 4 - Oakland 4
BOTTOM OF THE 9TH
Oakland Athletics batting - Pitching for Los Angeles Angels : LHP Robbie Adams
Now at 2B: Chris Doubron
Now in CF: Marvin Cummings
Batting: RHB Ed Burch 0-0: Ball
1-0: SINGLE (Groundball, 34D, EV 110.0 MPH)
Batting: LHB Pablo Gonzáles 0-0: Ball
1-0: Ball
2-0: Fielders Choice at 2nd, 4-6 (Groundball, 4S, EV 78.1 MPH)
Batting: LHB Félix Castillo 0-0: Swinging Strike
0-1: Ball
1-1: Ball
2-1: Called Strike
2-2: Foul Ball, location: 2F
2-2: Grounds out, U3 (Groundball, 3L, EV 90.0 MPH)
Pitching: RHP Mark Liñares
Batting: RHB Pablo Ayala 0-0: Ball
1-0: Swinging Strike
1-1: Swinging Strike
1-2: Strikes out swinging
Bottom of the 9th over - 0 runs, 1 hit, 0 errors, 1 left on base; Los Angeles 4 - Oakland 4
TOP OF THE 10TH
Los Angeles Angels batting - Pitching for Oakland Athletics : LHP Dick Anderson
Batting: LHB Ma-huan Yan 0-0: Ball
1-0: Ball
2-0: Ball
3-0: Base on Balls
Batting: RHB Stanley Blake 0-0: Ball
1-0: Foul Ball, location: 2F
1-1: Ball
2-1: Ball
3-1: Foul Ball, location: 2F
3-2: Grounds into double play, 6-4-3 (Groundball, 6, EV 90.6 MPH)
Batting: RHB Tony Mora 0-0: Foul Ball, location: 5FF
0-1: Called Strike
0-2: Ball
1-2: Fly out, F8 (Flyball, 8RXD, EV 109.4 MPH)
Top of the 10th over - 0 runs, 0 hits, 0 errors, 0 left on base; Los Angeles 4 - Oakland 4
BOTTOM OF THE 10TH
Oakland Athletics batting - Pitching for Los Angeles Angels : RHP Mark Liñares
Pitching: RHP José López
Batting: LHB José Pelingo 0-0: Called Strike
0-1: Called Strike
0-2: Ball
1-2: Ball
2-2: Ball
3-2: Base on Balls
Batting: RHB Clarence Jones 0-0: Bunted foul
0-1: Sac Bunt to P - play at first, batter OUT! 1-4
José Pelingo to second
Batting: RHB Roberto Morán 0-0: Intentional Walk
Batting: RHB Tom Yarbrough 0-0: Grounds into double play, 6-4-3 (Groundball, 6, EV 93.8 MPH)
Bottom of the 10th over - 0 runs, 0 hits, 0 errors, 1 left on base; Los Angeles 4 - Oakland 4
TOP OF THE 11TH
Los Angeles Angels batting - Pitching for Oakland Athletics : LHP Dick Anderson
Batting: RHB Craig Martin 0-0: Foul Ball, location: 2F
0-1: Ball
1-1: Ball
2-1: Called Strike
2-2: Strikes out swinging
Batting: RHB Marvin Cummings 0-0: Ball
1-0: Ball
2-0: Swinging Strike
2-1: Called Strike
2-2: Ground out 4-3 (Groundball, 34, EV 70.6 MPH)
Batting: RHB Duncan Phillips 0-0: Called Strike
0-1: Ball
1-1: Called Strike
1-2: Strikes out swinging
Top of the 11th over - 0 runs, 0 hits, 0 errors, 0 left on base; Los Angeles 4 - Oakland 4
BOTTOM OF THE 11TH
Oakland Athletics batting - Pitching for Los Angeles Angels : RHP José López
Batting: RHB Jorge Ibarra 0-0: Ball
1-0: Ball
2-0: Called Strike
2-1: Ball
3-1: Swinging Strike
3-2: Ground out 1-3 (Groundball, 13S, EV 75.6 MPH)
Batting: RHB Ed Burch 0-0: Reached on error, E5 (Groundball, 56, EV 76.3 MPH)
Batting: LHB Pablo Gonzáles 0-0: Foul Ball, location: 3FF
0-1: Ball
1-1: Foul Ball, location: 3F
1-2: Foul Ball, location: 25F
1-2: Ball
2-2: Fly out, F7 (Line Drive, 7, EV 105.6 MPH)
Batting: LHB Félix Castillo 0-0: Ball
1-0: Called Strike
1-1: SINGLE (Line Drive, 7S, EV 86.9 MPH)
Ed Burch to second
Batting: RHB Pablo Ayala 0-0: Called Strike
0-1: Called Strike
0-2: Strikes out swinging
Bottom of the 11th over - 0 runs, 1 hit, 1 error, 2 left on base; Los Angeles 4 - Oakland 4
TOP OF THE 12TH
Los Angeles Angels batting - Pitching for Oakland Athletics : LHP Dick Anderson
Pitching: RHP Carlos Martínez
Batting: RHB David Frederick 0-0: Called Strike
0-1: Foul Ball, location: 2F
0-2: Fly out, F8 (Flyball, 8LD, EV 90.6 MPH)
Batting: LHB Kenzaburo Sato 0-0: Called Strike
0-1: Swinging Strike
0-2: Ball
1-2: Fly out, F8 (Flyball, 8RM, EV 93.1 MPH)
Batting: RHB Chris Doubron 0-0: Called Strike
0-1: SOLO HOME RUN (Flyball, 9LD, EV 95.0 MPH), Distance : 352 ft
Pitching: LHP Spike Brown
Batting: LHB Ma-huan Yan 0-0: Foul Ball, location: 23F
0-1: Ball
1-1: Foul Ball, location: 7LMF
1-2: Ball
2-2: Strikes out looking
Top of the 12th over - 1 run, 1 hit, 0 errors, 0 left on base; Los Angeles 5 - Oakland 4
BOTTOM OF THE 12TH
Oakland Athletics batting - Pitching for Los Angeles Angels : RHP José López
Batting: LHB José Pelingo 0-0: Ball
1-0: SINGLE (Flyball, 56D, EV 90.0 MPH)
Batting: RHB Clarence Jones 0-0: Ball
1-0: Ball
2-0: Bunted foul
2-1: Bunted foul
2-2: Fly out, F7 (Flyball, 7, EV 85.6 MPH)
Batting: RHB Roberto Morán 0-0: Called Strike
0-1: Foul Ball, location: 5DF
0-2: Ball
1-2: SINGLE (Groundball, 34, EV 109.4 MPH)
José Pelingo to second
Runner from 2nd tries for 3rd, SAFE, no throw by RF
Batting: RHB Tom Yarbrough 0-0: Ball
1-0: Ball
Roberto Morán steals 2nd base
2-0: Called Strike
2-1: Ball
3-1: Fly out, F9 (Line Drive, 89D, EV 101.3 MPH)
Runner from 3rd tags up, SCORES, no throw by RF
Roberto Morán to third
Pitching: RHP Zong-yuan Liang
Batting: RHB Jorge Ibarra 0-0: Ball
1-0: Foul Ball, location: 3F
1-1: Fly out, F8 (Flyball, 8RM, EV 86.3 MPH)
Bottom of the 12th over - 1 run, 2 hits, 0 errors, 1 left on base; Los Angeles 5 - Oakland 5
TOP OF THE 13TH
Los Angeles Angels batting - Pitching for Oakland Athletics : LHP Spike Brown
Batting: RHB Stanley Blake 0-0: Ball
1-0: Ground out 5-3 (Groundball, 5, EV 82.5 MPH)
Batting: RHB Tony Mora 0-0: Ball
1-0: Ball
2-0: DOUBLE (Flyball, 8RXD, EV 91.9 MPH)
Batting: RHB Craig Martin 0-0: Ball
1-0: Called Strike
1-1: Swinging Strike
1-2: Ball
2-2: Foul Ball, location: 2F
2-2: Foul Ball, location: 3SF
2-2: Strikes out looking
Batting: RHB Marvin Cummings 0-0: Intentional Walk
Batting: RHB Duncan Phillips 0-0: Swinging Strike
0-1: Ball
1-1: Ball
Wild Pitch!
Tony Mora to third
Marvin Cummings to second
2-1: Ball
3-1: Base on Balls
Batting: RHB David Frederick 0-0: Fly out, F7 (Line Drive, 78M, EV 93.1 MPH)
Top of the 13th over - 0 runs, 1 hit, 0 errors, 3 left on base; Los Angeles 5 - Oakland 5
BOTTOM OF THE 13TH
Oakland Athletics batting - Pitching for Los Angeles Angels : RHP Zong-yuan Liang
Batting: RHB Ed Burch 0-0: Ball
1-0: Called Strike
1-1: Called Strike
1-2: Foul Ball, location: 5SF
1-2: Strikes out swinging
Batting: LHB Pablo Gonzáles 0-0: Called Strike
0-1: Foul Ball, location: 2F
0-2: Ball
1-2: Strikes out swinging
Batting: LHB Félix Castillo 0-0: Ball
1-0: Swinging Strike
1-1: Ball
2-1: DOUBLE (Line Drive, 89D, EV 90.6 MPH)
Batting: RHB Pablo Ayala 0-0: Called Strike
0-1: Swinging Strike
0-2: Fly out, F9 (Flyball, 89M, EV 95.6 MPH)
Bottom of the 13th over - 0 runs, 1 hit, 0 errors, 1 left on base; Los Angeles 5 - Oakland 5
TOP OF THE 14TH
Los Angeles Angels batting - Pitching for Oakland Athletics : LHP Spike Brown
Batting: LHB Kenzaburo Sato 0-0: Foul Ball, location: 7LMF
0-1: Ball
1-1: Ball
2-1: SINGLE (Groundball, 34D, EV 95.6 MPH)
Batting: RHB Chris Doubron 0-0: Ball
1-0: Foul Ball, location: 3F
1-1: Foul Ball, location: 2F
1-2: Foul Ball, location: 2F
1-2: Strikes out swinging
Batting: LHB Ma-huan Yan 0-0: Called Strike
0-1: Swinging Strike
0-2: Ball
1-2: SINGLE (Groundball, 34D, EV 98.1 MPH)
Kenzaburo Sato to second
Runner from 2nd tries for 3rd, SAFE, no throw by RF
Batting: RHB Stanley Blake 0-0: Swinging Strike
0-1: Called Strike
0-2: Ball
1-2: Fly out, F9 (Line Drive, 9, EV 89.4 MPH)
Runner from 3rd tags up, OUT at HOME! 9-2
Top of the 14th over - 0 runs, 2 hits, 0 errors, 1 left on base; Los Angeles 5 - Oakland 5
BOTTOM OF THE 14TH
Oakland Athletics batting - Pitching for Los Angeles Angels : RHP Zong-yuan Liang
Batting: LHB José Pelingo 0-0: Called Strike
0-1: Foul Ball, location: 9LDF
0-2: Foul Ball, location: 7LSF
0-2: SINGLE (Line Drive, 56D, EV 97.5 MPH)
Batting: RHB Clarence Jones 0-0: Bunted foul
0-1: Ball
1-1: Bunt missed!
1-2: Ball
2-2: Grounds into double play, 6-4-3 (Groundball, 6, EV 95.0 MPH)
Batting: RHB Roberto Morán 0-0: Foul Ball, location: 3SF
0-1: Ball
1-1: Ball
2-1: Called Strike
2-2: Ball
3-2: DOUBLE (Groundball, 5L, EV 106.9 MPH)
Batting: RHB Tom Yarbrough 0-0: Ball
1-0: Foul Ball, location: 9LSF
1-1: Ball
2-1: Foul Ball, location: 2F
2-2: SINGLE (Groundball, 34D, EV 98.1 MPH)
Roberto Morán to third
Runner from 3rd tries for Home, SAFE, throw by RF to home
Bottom of the 14th over - 1 run, 3 hits, 0 errors, 1 left on base; Los Angeles 5 - Oakland 6
Monday, April 8th , 2024 - OOTP Baseball 24.10 Build 82